 Dungeon Crawl Stone Soup version 0.29.1-15-g9cfb28693d (webtiles) character file.

Game seed: 6805562322077827770

52 protoss039 the Digger (level 3, -3/27 HPs)
             Began as a Demonspawn Earth Elementalist on Mar 12, 2023.
             Slain by a goblin
             ... wielding a +1 dagger of electrocution
             ... led by Robin
              (10 damage)
             ... on level 1 of the Dungeon.
             The game lasted 00:01:39 (976 turns).

protoss039 the Digger (DsEE)                         Turns: 976, Time: 00:01:40

Health: -3/27      AC:  2    Str:  8    XL:     3   Next: 60%
Magic:  1/7        EV: 12    Int: 18    God:
Gold:   82         SH:  0    Dex: 13    Spells: 4/7 levels left

rFire   . . .      SeeInvis .   m - +1 dagger (protect)
rCold   . . .      Faith    .   (no shield)
rNeg    . . .      Spirit   .   a - +0 robe
rPois   .          Reflect  .   (no helmet)
rElec   .          Harm     .   (no cloak)
rCorr   .          Rampage  .   (no gloves)
Will    .....                   (no boots)
Stlth   ++........              (no amulet)
HPRegen 0.09/turn               (no ring)
MPRegen 0.10/turn               (no ring)

@: no status effects
A: weakness stinger 1, demonic touch 1
a: no special abilities


You were on level 1 of the Dungeon.
You visited 1 branch of the dungeon, and saw 2 of its levels.

You collected 82 gold pieces.

Inventory:

Hand Weapons
 m - a +1 dagger of protection (weapon)
Armour
 a - a +0 robe (worn)
Scrolls
 e - 2 scrolls of identify {unknown}
 f - 2 scrolls of teleportation {unknown}
 g - a scroll of enchant weapon {unknown}
 h - a scroll of vulnerability {unknown}
 j - a scroll of fear {unknown}
 k - a scroll of butterflies {unknown}
Potions
 b - a potion of magic
 d - a potion of invisibility {unknown}
 i - 3 potions of attraction {unknown}
 l - a potion of ambrosia {unknown}


   Skills:
 + Level 1.7 Fighting
 - Level 1.7 Dodging
 - Level 1.7 Stealth
 + Level 2.6 Spellcasting
 - Level 0.8 Transmutations
 + Level 3.2 Earth Magic


You had 4 spell levels left.
You knew the following spells:

 Your Spells              Type           Power      Damage    Failure   Level
a - Sandblast             Erth           28%        2d8       4%          1
b - Passwall              Tmut/Erth      7%         N/A       11%         2

Your spell library contained the following spells:

 Spells                   Type           Power      Damage    Failure   Level
 Stone Arrow              Conj/Erth      16%        3d8       26%         3
 Petrify                  Tmut/Erth      9%         N/A       58%         4


Dungeon Overview and Level Annotations

Branches:
Dungeon (2/15) Zot: 11002

Altars:

Annotations:
D:2 Robin


Innate Abilities, Weirdness & Mutations

You have a small tail.
Your touch may inflict minor irresistible damage on your foes.


Message History

The goblin no longer looks unusually strong.
The goblin barely misses you.
Casting: Sandblast (safe; 4% risk of failure)
Confirm with . or Enter, or press ? or * to list all spells.
Aiming: Sandblast (safe; 4% risk of failure)
Press: ? - help, Shift-Dir - straight line, f/p - goblin
Aim: a goblin, wielding a +0 club (77% to hit)
The blast of sand hits the goblin!
You kill the goblin!
Unknown command.
Casting: Sandblast (safe; 4% risk of failure)
Confirm with . or Enter, or press ? or * to list all spells.
Aiming: Sandblast (safe; 4% risk of failure)
Press: ? - help, Shift-Dir - straight line, f - goblin
Aim: a goblin, wielding a +1 dagger of protection (strong, 77% to hit)
The blast of sand hits the goblin.
You kill the goblin!
The goblin no longer looks unusually strong. x2
Unknown command.
Unknown command.
Press: ? - help, v - describe, . - travel, g - get item
Items here: )) ††.
The floor.
Items here: )) ††.
m - a +1 dagger of protection The goblin no longer looks unusually strong.
There is a stone staircase leading up here.
The goblin no longer looks unusually strong.
The goblin barely misses you.
You climb upwards.
There is a stone staircase leading down here.
Unknown command.
Your +1 dagger of protection hums with potential!
m - a +1 dagger of protection (weapon)
The goblin barely misses you.
You drop a +0 dagger.
The goblin hits you with a +1 dagger of electrocution.
* * * LOW HITPOINT WARNING * * *
You are electrocuted!
You die...

# ##.##.# #######...### #..#.#
##...## ##.#.##### #≈...≈#
########.......####≈...≈#
........#.####....#≈...≈#
#######....###....#≈...≈# .#
##..........#≈.<.≈# .#
###.)....g.##...## ##
#####..@..##.## ########
#.....######
.......#######.....####.######
######...........##..........#
###########.............#
####..........# ############


You could see a goblin.

Vanquished Creatures
  An adder (D:2)
  2 dart slugs (D:1)
  A bat skeleton (D:2)
  3 endoplasms
  2 giant cockroaches
  9 goblins
  4 hobgoblins (D:1)
  A quokka (D:1)
  A ball python (D:1)
  4 bats (D:1)
  4 frilled lizards
  A kobold (D:2)
  3 rats (D:1)
36 creatures vanquished.

Notes
Turn   | Place    | Note
-------+----------+-------------------------------------------
     0 | D:1      | protoss039 the Demonspawn Earth Elementalist began the
                  | quest for the Orb.
     0 | D:1      | Reached XP level 1. HP: 13/13 MP: 3/3
   246 | D:1      | Discovered your monstrous ancestry.
   246 | D:1      | Gained mutation: Your touch may inflict minor irresistible
                  | damage on your foes. [demonic ancestry]
   246 | D:1      | Reached XP level 2. HP: 20/20 MP: 3/5
   253 | D:1      | Reached skill level 1 in Fighting
   363 | D:1      | Reached skill level 3 in Earth Magic
   747 | D:1      | Learned a level 2 spell: Passwall
   812 | D:2      | Gained mutation: You have a small tail. [demonic ancestry]
   812 | D:2      | Reached XP level 3. HP: 24/26 MP: 4/6
   957 | D:2      | Noticed Robin
   976 | D:1      | Slain by a goblin

Illustrated notes

Levels and vault maps discovered:
D:1:      wander_arrival_chamber, layout_rooms
D:2:      layout_loops_ring, serial_undead, serial_undead_a, serial_undead_c,
          serial_undead_a, serial_undead_d,
          shapermc_ecumenical_altar_mp_vishouse, uniq_natasha, uniq_terence,
          uniq_robin

Skill      XL: |  1  2 |
---------------+-------+-----
Fighting       | 1 |  1.7
Earth Magic    | 3 |  3.2
Dodging        | |  1.7
Stealth        | |  1.7
Spellcasting   | |  2.6
Transmutations | |  0.8

Action                   || total
-------------------------++-------
Melee: Dagger            ||     8
       Touch             ||     1
 Cast: Sandblast         ||    43
Armor: Robe              ||     6
Dodge: Dodged            ||    20
